 Dungeon Crawl Stone Soup version 0.26-a0-163-g6c8a0bf695 (webtiles) character file.

Game seed: 7922479380557680513

337 Gargoyl the Skirmisher (level 6, -13/51 HPs)
             Began as a Centaur Abyssal Knight on July 3, 2020.
             Was a Believer of Lugonu.
             Mangled by an ogre
             ... wielding a +0 giant club
              (22 damage)
             ... on level 4 of the Dungeon.
             The game lasted 00:03:40 (4077 turns).

Gargoyl the Skirmisher (Centaur Abyssal Knight)     Turns: 4077, Time: 00:03:40

Health: -13/51     AC:  6    Str: 15    XL:     6   Next: 28%
Magic:  8/8        EV:  9    Int: 11    God:    Lugonu [**....]
Gold:   231        SH:  0    Dex: 10    Spells: 5/5 levels left

rFire    . . .     SeeInvis .   d - +0 war axe (vamp)
rCold    . . .     Faith    .   (no shield)
rNeg     . . .     Spirit   .   k - +0 ring mail
rPois    .         Reflect  .   (no helmet)
rElec    .         Harm     .   (no cloak)
rCorr    +                      (no gloves)
MR       .....                  (no barding)
Stlth    ..........             (no amulet)
HPRegen  0.17/turn              l - ring of resist corrosion
MPRegen  0.11/turn              (no ring)

@: confused, very quick
A: large, hooves 3, deformed body, speed 2, tough skin 3
a: Depart the Abyss, Bend Space, Renounce Religion


You were on level 4 of the Dungeon.
You worshipped Lugonu.
Lugonu was pleased with you.
You were not hungry.

You visited 1 branch of the dungeon, and saw 4 of its levels.
You visited the Abyss 1 time.

You collected 231 gold pieces.

Inventory:

Hand Weapons
 a - a +1 hand axe
 d - a +0 vampiric war axe (weapon)
Missiles
 o - 6 silver javelins (quivered)
Armour
 k - a +0 ring mail (worn)
Jewellery
 j - an uncursed amulet of the acrobat {unknown}
 l - a ring of resist corrosion (left hand)
Wands
 e - a wand of iceblast (17)
Scrolls
 i - a scroll of identify
 p - 2 scrolls of remove curse
Potions
 g - a potion of stabbing {unknown}
 h - a potion of might {unknown}
 m - 2 potions of brilliance {unknown}
 n - a potion of magic {unknown}
 s - a potion of berserk rage {unknown}
Comestibles
 c - 4 rations


   Skills:
 + Level 3.5 Fighting
 + Level 3.5 Axes
 * Level 3.0 Armour
 * Level 1.9 Dodging
 * Level 3.2 Invocations


You had 5 spell levels left.
You didn't know any spells.
Your spell library was empty.

Dungeon Overview and Level Annotations

Branches:
Dungeon (4/15)
 Temple: D:4-7

Altars:


Innate Abilities, Weirdness & Mutations

You have hooves in place of feet.
Armour fits poorly on your strangely shaped body.
You cover ground very quickly.
You have extremely tough skin. (AC +3)


Message History

The ogre hits you with a +0 giant club!
* * * LOW HITPOINT WARNING * * *
You hit the ogre but do no damage.
The ogre is severely wounded.
The ogre hits you with a +0 giant club!
* * * LOW HITPOINT WARNING * * *
You are confused.
You feel invigorated. The ogre closely misses you.
You hit the ogre.
You feel better.
The ogre is severely wounded.
The ogre barely misses you.
The ogre hits you with a +0 giant club!!
* * * LOW HITPOINT WARNING * * *
You hit the ogre.
You feel better.
The ogre is almost dead.
The ogre hits you with a +0 giant club!
* * * LOW HITPOINT WARNING * * *
The ogre hits you with a +0 giant club!!
You die...

#..#####.....# ..
#.#####.....# ......##...
#.........###
...........#########.........#
.............................#
...[...##.##+#....#.........#
.##.#...##.........#.........#
........##)......O.#.........#
........).#.....@..#.........#
.............................#
#......#####.######.........#
...?..........# #.........#
##..#.#.###......... #### ...
#.#.# #......... .. . ...
.......... .#.#.###.........
......# #.........


You could see an ogre.

Vanquished Creatures
  An ogre (D:4)
  A scorpion (D:3)
  A centaur skeleton (D:4)
  Jessica (D:3)
  A worker ant (D:4)
  2 adders
  4 gnolls (D:3)
  A dart slug (D:1)
  A leopard gecko (D:1)
  3 orcs
  5 giant cockroaches
  7 goblins
  10 hobgoblins
  10 jackals
  2 quokkas
  A ball python (D:2)
  5 bats
  2 frilled lizards
  3 kobolds
  8 rats
69 creatures vanquished.

Notes
Turn   | Place    | Note
-------+----------+-------------------------------------------
     0 | Abyss:1  | Gargoyl the Centaur Abyssal Knight began the quest for the
                  | Orb.
     0 | Abyss:1  | Reached XP level 1. HP: 19/19 MP: 2/2
    45 | Abyss:3  | Found a corrupted altar of Lugonu.
    94 | Abyss:3  | Noticed an apocalypse crab
    99 | Abyss:3  | Noticed a ynoxinul
   101 | Abyss:3  | Noticed a starcursed mass
   102 | D:1      | Escaped the Abyss
   374 | D:1      | Reached XP level 2. HP: 4/26 MP: 3/3
   760 | D:1      | Reached * piety under Lugonu
   890 | D:1      | Reached skill level 1 in Dodging
  1536 | D:2      | Reached XP level 3. HP: 27/31 MP: 4/4
  2711 | D:3      | Reached XP level 4. HP: 21/38 MP: 5/5
  2886 | D:3      | Reached ** piety under Lugonu
  3397 | D:3      | Reached XP level 5. HP: 45/45 MP: 7/7
  3725 | D:3      | Noticed Jessica
  3736 | D:3      | Killed Jessica
  4036 | D:4      | Noticed an ogre
  4042 | D:4      | Noticed an ogre
  4045 | D:4      | Killed an ogre
  4045 | D:4      | Reached XP level 6. HP: 39/51 MP: 8/8
  4060 | D:4      | HP: 1/51 [ogre/+0 giant club (12)]
  4077 | D:4      | Mangled by an ogre

Illustrated notes

Levels and vault maps discovered:
D:1:      dpeg_arrival_long_road, layout_loops_ring, serial_bayou_crossing
D:2:      layout_loops_corners
D:3:      layout_loops_ring, uniq_jessica
D:4:      layout_basic, old_standard_altar, makhleb_altar_promises_db,
          minmay_temple_entry_poolview

Skill      XL: |  1  2  3  4  5  6 |
---------------+-------------------+-----
Axes           | 2 3 |  3.5
Dodging        | 1 |  1.9
Armour         | 2 3 |  3.0
Invocations    | 3 |  3.2
Fighting       | |  3.5

Action                   |  1- 3 |  4- 6 || total
-------------------------+-------+-------++-------
Melee: War axe           |   138 |    85 ||   223
       Kick              |    17 |    19 ||    36
Invok: Depart the Abyss  |     1 |       ||     1
Evoke: Wand              |     1 |       ||     1
  Use: Scroll            |     7 |       ||     7
       Potion            |     1 |     1 ||     2
  Eat: Chunk             |     4 |     4 ||     8
Armor: Leather armour    |    25 |       ||    25
       Ring mail         |    30 |    46 ||    76
Dodge: Dodged            |    82 |    53 ||   135

Table legend:
 A = Non-vault XP
 B = Vault XP
 C = Vault XP percentage of total XP
 D = Non-vault monster count
 E = Vault monster count
 F = Vault count percentage of total count
                 A         B        C        D         E       F
            +---------+---------+-------+---------+---------+-------
      Total |     445 |      37 |   7.7 |      68 |       1 |   1.4
            +---------+---------+-------+---------+---------+-------
        D:1 |      36 |       0 |   0.0 |      21 |       0 |   0.0
        D:2 |      29 |       0 |   0.0 |      10 |       0 |   0.0
        D:3 |     185 |      37 |  16.7 |      32 |       1 |   3.0
        D:4 |     195 |       0 |   0.0 |       5 |       0 |   0.0
            +---------+---------+-------+---------+---------+-------
